 Dungeon Crawl Stone Soup version 0.26.0-10-g1f06aea511 (webtiles) character file.

Game seed: 659877096053930097

9 CurlyBrace the Grasshopper (level 2, -7/13 HPs)
             Began as a Felid Warper on Jan 14, 2021.
             Mangled by an iguana (14 damage)
             ... on level 4 of the Dungeon.
             The game lasted 00:04:41 (201 turns).

CurlyBrace the Grasshopper (Felid Warper)            Turns: 201, Time: 00:04:42

Health: -7/13      AC:  1    Str:  7    XL:     2   Next: 6%
Magic:  5/6        EV: 18    Int: 14    God:
Gold:   20         SH:  0    Dex: 15    Spells: 3/5 levels left
                                        Lives:  0   Deaths: 0

rFire    . . .     SeeInvis +     - Unarmed
rCold    . . .     Faith    .   (shield unavailable)
rNeg     . . .     Spirit   .   (armour unavailable)
rPois    .         Reflect  .   (helmet unavailable)
rElec    .         Harm     .   (cloak unavailable)
rCorr    .         Rampage  .   (gloves unavailable)
Will     .....                  (boots unavailable)
Stlth    ++........             (no amulet)
HPRegen  0.04/turn              (no ring)
MPRegen  0.10/turn              (no ring)

@: quick
A: very small, no armour, no weapons or thrown items, stealth, claws 1, fangs 3,
see invisible, speed 1, shaggy fur 1, sharp paws
a: no special abilities


You were on level 4 of the Dungeon.
You visited 1 branch of the dungeon, and saw 4 of its levels.

You collected 20 gold pieces.

Inventory:

Scrolls
 b - a scroll of identify {unknown}
 d - 2 scrolls of fog
 z - a scroll of blinking
Potions
 a - a potion of brilliance {unknown}
 c - a potion of lignification {unknown}


   Skills:
 - Level 2.0 Fighting
 - Level 3.2 Dodging
 + Level 1.7 Stealth
 + Level 2.4 Unarmed Combat
 - Level 2.0 Spellcasting
 - Level 4.4 Translocations


You had 3 spell levels left.
You knew the following spells:

 Your Spells              Type           Power        Failure   Level
a - Blink                 Tloc           N/A          6%          2

Your spell library contained the following spells:

 Spells                   Type           Power        Failure   Level
 Gell's Gravitas          Tloc           6%           12%         3
 Lesser Beckoning         Tloc           6%           12%         3
 Teleport Other           Tloc           13%          12%         3
 Passage of Golubria      Tloc           N/A          36%         4


Dungeon Overview and Level Annotations

Branches:
Dungeon (4/15)
 Temple: D:4-7

Altars:


Innate Abilities, Weirdness & Mutations

You cannot wear armour.
You are incapable of wielding weapons or throwing items.
Your paws allow you to move quietly. (Stealth)
You have sharp claws.
You have razor-sharp teeth.
You have supernaturally acute eyesight. (SInv)
You cover ground quickly.
You are covered in fur. (AC +1)
Your sharp claws are effective at attacking unaware monsters.


Message History

You kill the bat!
Found an escape hatch in the floor.
You hear the slow rusting of a very distant drain.
A hobgoblin comes into view. It is wielding a +0 club.
There is an escape hatch in the floor here.
You slide downwards.
The hatch slams shut behind you.
An iguana, 4 orcs and an orc wizard come into view.
An orc is quivering 4 silver boomerangs.
The iguana hisses angrily.
The orc wizard shouts!
The orc shouts! x2
The orc shouts!
You hear a shout!
The orc throws a silver boomerang.
The silver boomerang misses you.
The weapon returns to the orc!
The iguana barely misses you.
The orc throws a boomerang.
The boomerang hits you.
The weapon returns to the orc!
You open the door.
An adder comes into view.
The iguana bites you!
Ouch! That really hurt!
You die...

...≈....## ≈≈#
≈≈.oo....##≈# .
≈≈≈≈≈≈o≈≈≈≈≈#
≈.≈≈o≈≈≈≈≈≈≈≈
.≈S....≈≈≈.####
.....≈..≈.....#
......###.....###
.$....###........
......'@l........
......###........
...## ##....... .
#...... ......
...... ...... ...


You could see an iguana and an adder (wandering).

Vanquished Creatures
  An orc (D:3)
  4 jackals (D:3)
  2 bats (D:3)
  A frilled lizard (D:3)
8 creatures vanquished.

Notes
Turn   | Place    | Note
-------+----------+-------------------------------------------
     0 | D:1      | CurlyBrace the Felid Warper began the quest for the Orb.
     0 | D:1      | Reached XP level 1. HP: 9/9 MP: 4/4
   132 | D:3      | Reached skill level 1 in Stealth
   141 | D:3      | Reached XP level 2. HP: 10/13 MP: 6/6
   144 | D:3      | Learned a level 2 spell: Blink
   201 | D:4      | Mangled by an iguana

Illustrated notes

Levels and vault maps discovered:
D:1:      dpeg_arrival_refuge, layout_loops_corners, minmay_misc_feat_x
D:2:      layout_basic, kennysheep_small_spiral, uniq_robin
D:3:      layout_loops_corners, portal_sewer_entry_e
D:4:      layout_basic, serial_rivers, chequers_serial_rivers_micro_b,
          chequers_serial_rivers_small_3, chequers_serial_rivers_marsh,
          chequers_serial_rivers_small_a, chequers_serial_rivers_micro_c,
          chequers_serial_rivers_micro_e

Skill      XL: |  1 |
---------------+----+-----
Stealth        | 1 |  1.7
Fighting       | |  2.0
Dodging        | |  3.2
Unarmed Combat | |  2.4
Spellcasting   | |  2.0
Translocations | |  4.4

Action                   || total
-------------------------++-------
Melee: Unarmed           ||    16
       Bite              ||     2
 Cast: Blink             ||     2
  Use: Scroll            ||     2
       Potion            ||     1
Armor: Skin              ||     2
Dodge: Dodged            ||    14
